 Dungeon Crawl Stone Soup version 0.23.2-1-ga50397a (webtiles) character file.

Game seed: 2146301396495298217

24 Lickle the Skirmisher (level 3, 24/24 HPs)
             Began as a Gargoyle Abyssal Knight on May 8, 2019.
             Was a Follower of Lugonu.
             Got out of the dungeon alive.
             The game lasted 00:01:35 (1024 turns).

Lickle the Skirmisher (Gargoyle Abyssal Knight)     Turns: 1024, Time: 00:01:36

Health: 24/24      AC:  6    Str: 16    XL:     3   Next: 2%
Magic:  4/4        EV: 11    Int: 12    God:    Lugonu [*.....]
Gold:   104        SH:  0    Dex:  9    Spells: 2/2 levels left

rFire    . . .     SeeInvis .   a - +2 mace
rCold    . . .     Gourm    .   (no shield)
rNeg     + . .     Faith    .   b - +0 leather armour
rPois    ∞         Spirit   .   (no helmet)
rElec    +         Reflect  .   (no cloak)
rCorr    .         Harm     .   (no gloves)
MR       .....                  (no boots)
Stlth    ..........             (no amulet)
HPRegen  0.08/turn              d - ring of attention (curse)
MPRegen  0.09/turn              (no ring)

@: no status effects
A: negative energy resistance 1, electricity resistance, unbreathing,
petrification resistance, rot immunity, AC +3
a: Depart the Abyss, Renounce Religion


You escaped.
You worshipped Lugonu.
Lugonu was aware of your devotion.
You were not hungry.

You visited 1 branch of the dungeon, and saw 1 of its levels.
You visited the Abyss 1 time.

You collected 104 gold pieces.

Inventory:

Hand Weapons
 a - a +2 mace (weapon)
Armour
 b - a +0 leather armour (worn)
Jewellery
 d - a cursed ring of attention (left hand)
 j - a cursed amulet of inaccuracy {unknown}
Scrolls
 f - 2 scrolls of identify
 i - a scroll of enchant armour {unknown}
 k - a scroll of random uselessness {unknown}
Potions
 e - 2 potions of resistance {unknown}
 g - 2 potions of lignification
 h - a potion of heal wounds {unknown}
Comestibles
 c - 2 rations


   Skills:
 + Level 4.0 Fighting
 + Level 2.1 Maces & Flails
 + Level 2.2 Armour
 + Level 0.7 Dodging
 + Level 0.1 Stealth
 + Level 2.4 Invocations


You had 2 spell levels left.
You didn't know any spells.
Your spell library was empty.

Dungeon Overview and Level Annotations

Branches:
Dungeon (1/15)

Altars:


Innate Abilities, Weirdness & Mutations

You are resistant to torment.
Your stone body is resilient. (AC +3)
You are immune to poison.
You resist negative energy. (rN+)
You are resistant to electric shocks. (rElec)
You can survive without breathing.
You are immune to petrification.
You are immune to rotting.


Message History

No target in view!
Done exploring.
No target in view!
Done exploring.
No target in view!
Done exploring.
Done exploring.
No target in view!
Done exploring.
No target in view!
(D) Dungeon
Where to? (? - help)
What level of the Dungeon? (default 1, ? - help)
There is a stone staircase leading down here.
There is a staircase leading out of the dungeon here.
(D) Dungeon
Where to? (Enter - D:1 @ (x,y), ? - help) You're already here!
Are you sure you want to leave the Dungeon?
This will make you lose the game!
You have escaped!

##.# ### ##...##
######## ##.# #...#
###.....## ...#
#...###........#
#..#
#...##..††.....#
...#
#...##..##...###
..## #...#..#######
..# ##### ###'#'##
######
..#####...####....#
#....#
........#.##.#..@.#
#....#####
.######...##.##.###
#....##... .#
##.###.##.#
###....... )# #.#
#.##.# #####.## .#
#.# #....# ##...#
.# #.# ####.#
##..... .# #.# #.#
#....). .# #.# #.#
#...).. .# #.# #.#
#....).


There were no monsters in sight!

Vanquished Creatures
  An ooze (D:1)
  A dart slug (D:1)
  A giant cockroach (D:1)
  3 goblins (D:1)
  3 jackals (D:1)
  A frilled lizard (D:1)
  A kobold (D:1)
  8 rats (D:1)
19 creatures vanquished.

Notes
Turn   | Place    | Note
-------+----------+-------------------------------------------
     0 | Abyss:1  | Lickle the Gargoyle Abyssal Knight began the quest for the
                  | Orb.
     0 | Abyss:1  | Reached XP level 1. HP: 14/14 MP: 2/2
    43 | Abyss:1  | Found an ornate altar of the Wu Jian Council.
    66 | Abyss:2  | Noticed a sixfirhy
    72 | D:1      | Escaped the Abyss
   203 | D:1      | Reached * piety under Lugonu
   203 | D:1      | Reached XP level 2. HP: 8/20 MP: 3/3
   538 | D:1      | Reached skill level 4 in Fighting
   861 | D:1      | Reached XP level 3. HP: 23/24 MP: 4/4
  1024 | D:$      | Got out of the dungeon alive.

Skill      XL: |  1  2 |
---------------+-------+-----
Fighting       | 4 |  4.0
Maces & Flails | |  2.1
Armour         | |  2.2
Dodging        | |  0.7
Stealth        | |  0.1
Invocations    | |  2.4

Action                   || total
-------------------------++-------
Melee: Mace              ||    47
Invok: Depart the Abyss  ||     1
  Use: Potion            ||     1
       Scroll            ||     3
Armor: Leather armour    ||    25
Dodge: Dodged            ||    29
